 Dungeon Crawl Stone Soup version 0.29.1-1-gd02db6906a (webtiles) character file.

Game seed: 3023313384552574994

1848 giganojonis the Basher (level 8, -1/71 HPs)
             Began as a Minotaur Fighter on Oct 5, 2022.
             Was a Follower of the Shining One.
             Slain by a vampire mosquito (5 damage)
             ... on level 5 of the Dungeon on Oct 7, 2022.
             The game lasted 00:10:46 (5040 turns).

giganojonis the Basher (Minotaur Fighter)           Turns: 5040, Time: 00:10:46

Health: -1/71      AC: 12    Str: 23    XL:     8   Next: 88%
Magic:  0/7        EV: 10    Int:  5    God:    the Shining One [*.....]
Gold:   199        SH:  5    Dex: 10    Spells: 7/7 levels left

rFire   . . .      SeeInvis .   a - +0 flail
rCold   . . .      Faith    .   c - +0 buckler
rNeg    . . .      Spirit   +   b - +0 scale mail
rPois   .          Reflect  .   (helmet restricted)
rElec   .          Harm     .   (no cloak)
rCorr   .          Rampage  .   k - +2 pair of gloves
Will    .....                   h - +0 pair of boots
Stlth   ..........              n - amulet of guardian spirit
HPRegen 0.21/turn               (no ring)
MPRegen 0.10/turn               (no ring)

@: lethally poisoned (-1 -> -6), glowing
A: horns 2, retaliatory headbutt
a: Renounce Religion, Divine Shield


You were on level 5 of the Dungeon.
You worshipped the Shining One.
The Shining One was aware of your devotion.
You visited 1 branch of the dungeon, and saw 7 of its levels.

You collected 199 gold pieces.

Inventory:

Hand Weapons
 a - a +0 flail (weapon)
Armour
 b - a +0 scale mail (worn)
 c - a +0 buckler (worn)
 h - a +0 pair of boots (worn)
 k - a +2 pair of gloves (worn)
Jewellery
 n - an amulet of guardian spirit (around neck)
 y - a ring of protection from fire
Wands
 w - a wand of iceblast (4)
Scrolls
 l - a scroll of enchant weapon {unknown}
 m - a scroll of magic mapping {unknown}
 o - a scroll of immolation {unknown}
 r - 3 scrolls of enchant armour
 t - 3 scrolls of identify
 u - a scroll of blinking {unknown}
 v - a scroll of vulnerability {unknown}
 x - a scroll of teleportation {unknown}
 z - a scroll of acquirement {unknown}
Potions
 d - a potion of might
 e - 2 potions of attraction {unknown}
 f - 4 potions of lignification {unknown}
 g - 2 potions of curing {unknown}
 i - 3 potions of flight
 j - a potion of magic {unknown}
 p - 5 potions of degeneration {unknown}
 q - 3 potions of ambrosia {unknown}
 s - a potion of brilliance {unknown}


   Skills:
 + Level 6.3 Fighting
 + Level 9.5 Maces & Flails
 + Level 7.3 Armour
 + Level 3.5 Dodging
 + Level 0.6 Stealth
 + Level 5.6 Shields


You had 7 spell levels left.
You didn't know any spells.
Your spell library contained the following spells:

 Spells                   Type           Power      Damage    Failure   Level
 Magic Dart               Conj           0%         1d3       83%         1
 Searing Ray              Conj           0%         2d4       93%         2
 Fulminant Prism          Conj/Hex       0%         3d6       100%        4


Dungeon Overview and Level Annotations

Branches:
Dungeon (7/15)
 Temple: D:4-7

Altars:
Ashenzari
Cheibriados
Elyvilon
Nemelex Xobeh
Uskayaw
Wu Jian
Xom
The Shining One

Shops:
D:4 *   D:5 *

Annotations:
D:5 1 runed translucent door


Innate Abilities, Weirdness & Mutations

You have a pair of horns on your head.
You reflexively headbutt those who attack you in melee.


Message History

Okay, then.
You hit the scorpion.
The scorpion is moderately wounded.
You feel very sick. The vampire mosquito bites you.
* * * LOW HITPOINT WARNING * * *
The vampire mosquito draws strength from your injuries!
The vampire mosquito barely misses you. The scorpion stings you.
* * * LOW HITPOINT WARNING * * *
The scorpion stings you but does no damage.
The vampire mosquito closely misses you.
The scorpion stings you but does no damage.
The vampire mosquito closely misses you.
The scorpion stings you.
* * * LOW HITPOINT WARNING * * *
The scorpion stings you but does no damage.
You thump the scorpion! You headbutt the scorpion.
You kill the scorpion!
* * * LOW HITPOINT WARNING * * *
You feel sick.
The vampire mosquito bites you but does no damage. x2
The scorpion barely misses you. You furiously retaliate!
You headbutt the scorpion.
The vampire mosquito bites you but does no damage.
The scorpion closely misses you. The vampire mosquito barely misses you.
You furiously retaliate!
You headbutt the vampire mosquito, but do no damage.
You closely miss the butterfly.
* * * LOW HITPOINT WARNING * * *
You feel sick. The vampire mosquito barely misses you. You furiously retaliate!
You headbutt the vampire mosquito!
The vampire mosquito bites you but does no damage.
You block the scorpion's attack. x2
The vampire mosquito completely misses you.
The vampire mosquito bites you but does no damage.
The vampire mosquito attacks as you move away!
The vampire mosquito bites you but does no damage.
* * * LOW HITPOINT WARNING * * *
You feel sick. The vampire mosquito bites you.
You die...

##... #... ##..
####### ##. #.....
###.. #.....
###...#
#....#######
#...###
#...y#sb...#..
.#.###
#....†@.?b.+....###
#...s#y...b#....
#....#######..^.
#...............
#...............
########'#######
#......# ######[#
.# #.##


You could see 2 vampire mosquitoes and 2 scorpions.

Vanquished Creatures
  Grinder (D:3)
  A vampire mosquito (D:5)
  A steam dragon (D:5)
  A water moccasin (D:7)
  A black bear (D:5)
  2 ogres (D:5)
  2 phantoms
  2 centaurs
  4 scorpions (D:5)
  A killer bee (D:5)
  2 jellies (D:3)
  2 orc priests
  3 iguanas
  2 orc wizards
  7 adders
  4 gnolls (D:3)
  3 shadow imps
  A white imp (D:7)
  2 dart slugs
  17 orcs
  6 ball pythons
  6 endoplasms
  3 giant cockroaches
  3 goblins
  6 hobgoblins
  6 kobolds
  4 quokkas
  5 bats
  5 frilled lizards
  3 rats
  A butterfly (D:5)
107 creatures vanquished.

Notes
Turn   | Place    | Note
-------+----------+-------------------------------------------
     0 | D:1      | giganojonis the Minotaur Fighter began the quest for the
                  | Orb.
     0 | D:1      | Reached XP level 1. HP: 19/19 MP: 0/0
   459 | D:1      | Found a faded altar of an unknown god.
   473 | D:1      | Reached XP level 2. HP: 22/27 MP: 1/1
  1056 | D:2      | Reached XP level 3. HP: 33/33 MP: 2/2
  1351 | D:2      | Found a shimmering altar of Xom.
  1399 | D:2      | Reached skill level 3 in Maces & Flails
  1399 | D:2      | Reached XP level 4. HP: 34/40 MP: 3/3
  1836 | D:3      | Noticed Grinder
  1843 | D:3      | Paralysed by Grinder for 3 turns
  1849 | D:3      | Paralysed by Grinder for 3 turns
  1853 | D:3      | Paralysed by Grinder for 5 turns
  1867 | D:3      | Paralysed by Grinder for 2 turns
  1872 | D:3      | HP: 2/40 [Grinder (4)]
  1874 | D:3      | Killed Grinder
  1875 | D:3      | Reached skill level 5 in Maces & Flails
  1875 | D:3      | Reached skill level 5 in Armour
  1875 | D:3      | Reached skill level 1 in Dodging
  1875 | D:3      | Reached XP level 5. HP: 3/47 MP: 4/4
  1875 | D:3      | Reached XP level 6. HP: 3/53 MP: 5/5
  2364 | D:3      | Found a shimmering altar of Xom.
  2722 | D:3      | Found a glowing golden altar of the Shining One.
  2723 | D:3      | Found a broken altar of Ashenzari.
  2724 | D:3      | Found a snail-covered altar of Cheibriados.
  2733 | D:3      | Became a worshipper of the Shining One
  2788 | D:3      | Reached skill level 6 in Maces & Flails
  3348 | D:4      | Found a sparkling altar of Nemelex Xobeh.
  3421 | D:4      | Reached XP level 7. HP: 56/60 MP: 6/6
  3463 | D:4      | Found Woblih's Assorted Antiques.
  3500 | D:4      | Found a hide-covered altar of Uskayaw.
  3500 | D:4      | Found an ornate altar of the Wu Jian Council.
  3634 | D:5      | Entered Level 5 of the Dungeon
  3739 | D:5      | Reached skill level 5 in Fighting
  3888 | D:5      | You fall into a shaft and drop 2 floors!
  3888 | D:7      | Found a white marble altar of Elyvilon.
  3934 | D:7      | Reached * piety under the Shining One
  3943 | D:7      | Reached skill level 7 in Maces & Flails
  3943 | D:7      | Reached skill level 5 in Shields
  4226 | D:5      | Reached XP level 8. HP: 32/68 MP: 3/7
  4483 | D:5      | Reached skill level 8 in Maces & Flails
  4812 | D:5      | Found Uhaol's Assorted Antiques.
  5015 | D:5      | Found a runed translucent door.
  5017 | D:5      | Found a runed translucent door.
  5026 | D:5      | Reached skill level 9 in Maces & Flails
  5040 | D:5      | Slain by a vampire mosquito

Illustrated notes

Levels and vault maps discovered:
D:1:      heliophobic_arrival_dark_side_of_the_moon, layout_loops_ring,
          shapermc_ecumenical_altar_venn, nicolae_kite_square_tiling_tiny
D:2:      layout_basic, basic_altar, nicolae_eternal_life
D:3:      layout_basic, overflow_temple_1_default,
          chequers_temple_overflow_statue_of_worship, uniq_grinder
D:4:      layout_loops_cross, nemelex_diamond_rough_becter,
          nicolae_overflow_hidden_temple, serial_shops, kennysheep_little_box
D:5:      lemuel_insect_pit, layout_cave_pods, serial_shops,
          nicolae_shop_crystal, wad_floor_pattern_untrapped
D:6:      layout_loops_corners, minmay_temple_entry_mist,
          gammafunk_ghost_stat_death, serial_shops, kennysheep_mini,
          chequers_serial_rivers_micro_e, uniq_maggie
D:7:      layout_basic, mainiacjoe_overflow_concentric_impassable, serial_shops,
          shop

Skill      XL: |  1  2  3  4  5  6  7  8 |
---------------+-------------------------+-----
Fighting       | 4 5 6 |  6.3
Armour         | 4 5 6 7 |  7.3
Shields        | 4 5 |  5.6
Maces & Flails | 3 5 6 7 9 |  9.5
Dodging        | 1 2 3 |  3.5
Stealth        | |  0.6

Action                   |  1- 3 |  4- 6 |  7- 9 || total
-------------------------+-------+-------+-------++-------
Melee: Flail             |    71 |    74 |    98 ||   243
       Headbutt          |     5 |     9 |    28 ||    42
  Use: Potion            |       |     1 |       ||     1
       Scroll            |       |       |     1 ||     1
Armor: Scale mail        |    55 |    44 |    83 ||   182
Dodge: Dodged            |    54 |    33 |    86 ||   173
Block: Buckler           |    25 |    11 |    38 ||    74
